 Dungeon Crawl Stone Soup version 0.29-a0-91-gdebf4667c2 (webtiles) character file.

Game seed: 3116601058534904381

46 cyrus the Skirmisher (level 3, 0/29 HPs)
             Began as a Demonspawn Fighter on Feb 9, 2022.
             Was a Follower of Nemelex Xobeh.
             Killed by nerve-wracking pain
             ... invoked by Jessica
              (6 damage)
             ... on level 2 of the Dungeon.
             The game lasted 00:03:29 (1493 turns).

cyrus the Skirmisher (Demonspawn Fighter)           Turns: 1493, Time: 00:03:32

Health: 0/29       AC:  6    Str: 18    XL:     3   Next: 44%
Magic:  3/3        EV:  9    Int:  9    God:    Nemelex Xobeh [*.....]
Gold:   46         SH:  9    Dex: 18    Spells: 2/2 levels left

rFire   . . .      SeeInvis .   a - +0 trident
rCold   . . .      Faith    .   c - +0 buckler
rNeg    . . .      Spirit   .   b - +0 scale mail
rPois   .          Reflect  .   (helmet restricted)
rElec   .          Harm     .   (no cloak)
rCorr   .          Rampage  .   (no gloves)
Will    .....                   (no boots)
Stlth   ..........              (no amulet)
HPRegen 0.09/turn               k - +6 ring of dexterity
MPRegen 0.08/turn               (no ring)

@: mighty, slowed, very slow
A: antennae 1, large bone plates 1
a: Renounce Religion, Draw Escape, Draw Destruction, Draw Summoning


You were on level 2 of the Dungeon.
You worshipped Nemelex Xobeh.
Nemelex Xobeh was aware of your devotion.
You visited 1 branch of the dungeon, and saw 2 of its levels.

You collected 46 gold pieces.

Inventory:

Hand Weapons
 a - a +0 trident (weapon)
Armour
 b - a +0 scale mail (worn)
 c - a +0 buckler (worn)
Jewellery
 k - a +6 ring of dexterity (left hand)
Scrolls
 f - a scroll of identify {unknown}
 j - a scroll of teleportation {unknown}
Potions
 e - a potion of cancellation {unknown}
 g - a potion of ambrosia {unknown}
 h - a potion of invisibility {unknown}


   Skills:
 + Level 3.2 Fighting
 + Level 2.3 Polearms
 + Level 3.1 Armour
 + Level 0.2 Dodging
 + Level 3.1 Shields


You had 2 spell levels left.
You didn't know any spells.
Your spell library was empty.

Dungeon Overview and Level Annotations

Branches:
Dungeon (2/15)

Altars:
Nemelex Xobeh

Annotations:
D:2 Jessica


Innate Abilities, Weirdness & Mutations

You have a pair of small antennae on your head.
You are partially covered in large bone plates. (SH +4)


Message History

Jessica is nearby!
An adder comes into view.
Jessica mumbles some strange words.
Jessica blinks!
Jessica gestures wildly while chanting.
Jessica blinks!
You hear a shout!
You hear a shout!
A kobold comes into view. It is wielding a +0 dagger.
You barely miss Jessica. Jessica hits you with a +0 dagger.
The kobold throws a boomerang.
The boomerang hits you but does no damage.
Jessica barely misses you.
You closely miss Jessica. Jessica hits you but does no damage.
Jessica gestures at you while chanting. Pain shoots through your body!
You puncture Jessica!
Jessica is severely wounded.
Jessica casts a spell at you. Pain shoots through your body!
You block the kobold's attack. You block Jessica's attack.
You closely miss Jessica.
Jessica is severely wounded.
You block Jessica's attack. The kobold hits you with a +0 dagger.
Jessica casts a spell at you.
You feel yourself slow down.
You hit Jessica but do no damage.
Jessica is severely wounded.
You block Jessica's attack. The kobold hits you with a +0 dagger.
Jessica hits you with a +0 dagger.
* * * LOW HITPOINT WARNING * * *
The kobold hits you but does no damage.
Jessica shouts, "You're disturbing me!
I'll have to kill you!" Jessica hits you with a +0 dagger.
* * * LOW HITPOINT WARNING * * *
You feel very mighty all of a sudden.
Jessica points at you and mumbles some strange words.
Pain shoots through your body!
You die...
Your body disappears without a glow.

#.......P≈♣≈≈.........#
#........≈≈†≈♣........#
.........≈≈†≈♣.......#
####..#♣...≈≈........#
#...>...♣...........#
#....#..)......†....#
......#.#...P..........#
..... #K##.###P........#
.PP. #@##.# ##+####'###
≈≈≈ #@##.# #.# ≈≈ #S##..
#.# ≈ #..### #.### ##.
#.... .# ##### .# .#


You could see an adder, Jessica (fast) and a kobold.

Vanquished Creatures
  A hound skeleton (D:2)
  A worm (D:2)
  A dart slug (D:2)
  A ball python (D:1)
  5 endoplasms (D:1)
  3 giant cockroaches (D:1)
  2 goblins (D:1)
  3 hobgoblins
  3 quokkas
  A bat (D:1)
  2 kobolds (D:1)
  A rat (D:2)
24 creatures vanquished.

Vanquished Creatures (others)
  9 plants (D:2)
9 creatures vanquished.

Grand Total: 33 creatures vanquished

Notes
Turn   | Place    | Note
-------+----------+-------------------------------------------
     0 | D:1      | cyrus the Demonspawn Fighter began the quest for the Orb.
     0 | D:1      | Reached XP level 1. HP: 18/18 MP: 1/1
   256 | D:1      | Gained mutation: You have a pair of small antennae on your
                  | head. [demonic ancestry]
   256 | D:1      | Reached XP level 2. HP: 24/24 MP: 2/2
   699 | D:1      | Found a faded altar of an unknown god.
   719 | D:1      | Prayed at the altar of an unknown god.
   719 | D:1      | Became a worshipper of Nemelex Xobeh the Trickster
   719 | D:1      | Reached * piety under Nemelex Xobeh
  1342 | D:2      | Gained mutation: You are partially covered in large bone
                  | plates. (SH +4) [demonic ancestry]
  1342 | D:2      | Reached XP level 3. HP: 19/29 MP: 3/3
  1484 | D:2      | Noticed Jessica
  1493 | D:2      | Killed from afar by Jessica

Illustrated notes

Levels and vault maps discovered:
D:1:      dpeg_arrival_signposts, layout_loops_cross,
          shapermc_ecumenical_altar_mp_highgroup
D:2:      minmay_evil_eye, layout_basic, serial_bayou, serial_bayou_ford_a,
          serial_bayou_shore_b, serial_bayou_lagoon_a, serial_bayou_pond_a,
          serial_bayou_shore_a, uniq_jessica, uniq_sigmund, uniq_robin

Skill      XL: |  1  2 |
---------------+-------+-----
Polearms       | 2 |  2.3
Armour         | 3 |  3.1
Shields        | 3 |  3.1
Fighting       | |  3.2
Dodging        | |  0.2

Action                   || total
-------------------------++-------
Melee: Trident           ||    82
  Use: Scroll            ||     2
       Potion            ||     1
Armor: Scale mail        ||    36
Dodge: Dodged            ||    29
Block: Buckler           ||    28

Table legend: (Time is in decaauts)
 A = Elapsed time spent in this place.
 B = Non-inter-level travel time spent in this place.
 C = Inter-level travel time spent in this place.
 D = Time resting spent in this place.
 E = Time spent auto-exploring this place.
 F = Levels seen in this place.
 G = Mean time per level.
                   A        B        C        D        E       F      G
               +--------+--------+--------+--------+--------+-----+--------+
         Total |   1519 |   1519 |      0 |    202 |    969 |   2 |  759.5 |
       Dungeon |   1519 |   1519 |      0 |    202 |    969 |   2 |  759.5 |
               +--------+--------+--------+--------+--------+-----+--------+

Top non-repeatable levels by time:
     D:1: 1285 daAuts
     D:2: 233 daAuts
